AoeStats
← Banzé

Arabia

505552341Analyzed
3v3 RM · 21d ago on Sep 9, 2026· 27m 35s· 6 players
Game mode
Random Map
Map size
Normal (6 player)
Population
200
Speed
Normal
Resources
Standard
Victory
Conquest
Starting age
Dark Age
Ending age
Imperial Age
RankedLock teamsTeams togetherTeam positionsShared explorationLock speedFull tech treeHidden civsTurbo modeCheats
Victory
Defeat
🇧🇷 Persians · Brazil
1104
+11
🇧🇷 Saracens · Brazil
1036
+13
🇧🇷 Ethiopians · Brazil
962
+16
🇦🇹 Persians · Austria
1079
-17
🇦🇷 Teutons · Argentina
949
-36
🇦🇷 Franks · Argentina
912
-33
Banzé
10:20 Feudal Age
8:36 Loom
18:38 Fletching
18:58 Horse Collar
19:07 Double-Bit Axe
23:47 Castle Age
22:56 Horse Collar
23:57 Wheelbarrow
23:20 Stone Mining
23:56 Crossbowman
24:46 Bodkin Arrow
24:58 Pikeman
t3o
5:32 Loom
10:33 Feudal Age
12:38 Double-Bit Axe
15:15 Fletching
19:59 Wheelbarrow
24:16 Castle Age
22:20 Padded Archer Armor
25:26 Bow Saw
25:18 Bodkin Arrow
24:47 Crossbowman
26:17 Leather Archer Armor
27:04 Ballistics
zeca.carvalho
7:17 Loom
9:22 Feudal Age
15:48 Forging
18:48 Scale Barding Armor
23:45 Castle Age
22:22 Bloodlines
22:29 Gold Mining
23:47 Wheelbarrow
22:59 Horse Collar
24:16 Husbandry
26:05 Chain Barding Armor
26:21 Iron Casting
27:59 Iron Casting
Wellen_Willi
5:11 Loom
9:50 Feudal Age
10:50 Horse Collar
bizcarrita9446
15:03 Feudal Age
marquitosfru
8:02 Loom
12:58 Feudal Age
15:01 Loom
20:43 Double-Bit Axe
22:32 Horse Collar
25:12 Scale Barding Armor
25:56 Forging
Connection lost

Rejoining the realm…

Still unreachable

The connection could not be restored.

Session expired

The server has moved on; the page needs a fresh start.